Sarnia Sailors vs Toronto St Pats
Created - Thursday, March 30, 2023 at 07:11
Goals
|
| Sarnia Sailors |
1 |
2 |
1 |
4 |
| Toronto St Pats |
2 |
4 |
0 |
6 |
|
Shots
|
| Sarnia Sailors |
6 |
14 |
9 |
29 |
| Toronto St Pats |
7 |
18 |
2 |
27 |
|
1st period
1. Toronto St Pats , Austin Watson 10 (Jesse Puljujarvi 10, Jonathan Bernier) at 1:21 (PP)
2. Sarnia Sailors , Keegan Kolesar 12 (Dominic Toninato 8) at 8:00 (SH)
3. Toronto St Pats , Liam Foudy 7 (Rudolfs Balcers 10) at 8:36 (PP)
Penalties :
Ivan Lodnia (TSP) for Fighting (Major) at 1:05, Michael Dal Colle (SAR) for Fighting (Major) at 1:05, Michael Dal Colle (SAR) for instigated a fight (Minor) at 1:05, Michael Dal Colle (SAR) for instigated a fight (10 Minutes Misconduct) at 1:05, Dominic Turgeon (SAR) for High sticking (Minor) at 7:20, Dominic Toninato (SAR) for Interference (Minor) at 19:44
2nd period
4. Toronto St Pats , Austin Watson 11 (Jesse Puljujarvi 11, Brad Malone 8) at 0:04 (PP)
5. Toronto St Pats , Jesse Puljujarvi 13 (Lassi Thomson 9, Brad Malone 9) at 5:14 (PP)
6. Toronto St Pats , Austin Watson 12 (Jesse Puljujarvi 12) at 6:49 (PP)
7. Sarnia Sailors , Vasily Podkolzin 6 (Keegan Kolesar 19) at 9:59
8. Toronto St Pats , Liam Foudy 8 (Rudolfs Balcers 11, Ivan Lodnia 5) at 13:03 (PP)
9. Sarnia Sailors , Keegan Kolesar 13 (Dominic Toninato 9, Vasily Podkolzin 16) at 13:11
Penalties :
Keegan Kolesar (SAR) for Holding Stick (Minor) at 4:58, Connor Carrick (SAR) for Hooking (Minor) at 6:04, Rob Hamilton (SAR) for Holding (Minor) at 11:52
3rd period
10. Sarnia Sailors , Dominic Toninato 11 (Keegan Kolesar 20) at 7:55
Penalties :
Dylan Samberg (TSP) for Roughing (Minor) at 0:59, Nikita Okhotyuk (TSP) for Interference (Minor) at 9:01
Goalie Stats
Laurent Brossoit (SAR), 8 saves from 12 shots - (0.667), 25:14 minutes
Matt Tomkins (SAR), 13 saves from 15 shots - (0.867), L, 1-2-0, 34:46 minutes
Jonathan Bernier (TSP), 25 saves from 29 shots - (0.862), W, 8-4-2, 60:00 minutes
Players Stats for Sarnia Sailors
Player Name G A P +/- PIM S H SB GA TA FO MP PP MP PK MP
------------------------------------------------------------------------------------
Aleksi Heponiemi 0 0 0 0 0 1 2 0 1 0 0/0 12:57 0:00 0:00
Alex Vlasic 0 0 0 1 0 3 3 2 0 0 0/0 29:34 2:23 3:09
Chris Wideman 0 0 0 0 0 1 2 0 1 0 0/0 10:34 1:35 0:00
Connor Carrick 0 0 0 0 2 1 1 1 1 2 0/1 17:15 0:00 2:24
David Warsofsky 0 0 0 2 0 2 0 0 0 0 0/0 12:05 0:00 0:00
Dominic Toninato 1 2 3 4 2 2 1 2 0 0 4/8 22:16 1:55 2:53
Dominic Turgeon 0 0 0 0 2 0 0 0 0 0 3/4 11:29 0:00 0:00
Dylan McLaughlin 0 0 0 0 0 2 5 2 0 0 10/17 17:10 1:55 0:51
Jack Rathbone 0 0 0 2 0 1 0 0 1 1 0/0 23:09 1:35 0:55
Josh Dickinson 0 0 0 0 0 1 1 0 1 0 4/10 13:11 1:55 0:56
Keegan Kolesar 2 2 4 4 2 4 1 0 1 0 16/29 22:06 2:03 2:57
Michael Dal Colle 0 0 0 0 17 2 0 0 0 1 0/0 10:58 0:00 0:31
Mitchell Vande Sompel 0 0 0 2 0 0 0 1 0 0 0/0 12:05 0:00 0:00
Nick Ritchie 0 0 0 0 0 4 4 0 0 0 0/0 16:49 2:03 0:00
Rob Hamilton 0 0 0 1 2 1 0 0 2 0 0/0 16:22 0:00 0:51
Seth Barton 0 0 0 0 0 0 0 0 0 0 0/0 16:21 0:00 0:49
Vasily Podkolzin 1 1 2 3 0 4 0 0 2 0 0/0 20:17 2:03 0:00
Yannick Weber 0 0 0 0 0 0 0 0 0 0 0/0 11:12 2:23 0:00
Players Stats for Toronto St Pats
Player Name G A P +/- PIM S H SB GA TA FO MP PP MP PK MP
------------------------------------------------------------------------------------
Antonio Stranges 0 0 0 -1 0 0 1 0 0 0 0/0 5:29 0:00 0:00
Austin Watson 3 0 3 -1 0 5 3 0 0 1 1/3 20:52 2:36 2:08
Brad Malone 0 2 2 -1 0 0 4 0 0 1 13/28 20:32 2:36 1:36
Connor Dewar 0 0 0 0 0 3 1 0 0 0 0/0 12:19 0:00 0:00
Dylan Samberg 0 0 0 -3 2 2 1 3 0 1 0/0 26:01 2:21 1:09
Glenn Gawdin 0 0 0 -1 0 0 1 0 0 0 0/1 4:55 0:00 0:00
Ivan Lodnia 0 1 1 -2 5 1 0 0 0 1 0/0 16:15 1:28 0:00
Jake Leschyshyn 0 0 0 0 0 0 0 0 0 0 1/5 15:59 0:00 0:00
Jesse Puljujarvi 1 3 4 -1 0 5 0 0 1 1 0/3 24:23 2:36 2:05
Lassi Thomson 0 1 1 -3 0 3 1 0 1 1 0/0 28:13 2:21 2:23
Liam Foudy 2 0 2 -2 0 4 1 0 1 1 10/18 19:27 1:28 0:29
Luke Henman 0 0 0 -1 0 0 0 0 0 0 0/0 1:43 0:00 0:00
Nicolas Beaudin 0 0 0 0 0 0 1 0 0 2 0/0 14:42 0:00 1:14
Nikita Okhotyuk 0 0 0 0 2 0 0 0 0 1 0/0 13:12 0:00 0:00
Pierre-Olivier Joseph 0 0 0 -1 0 1 1 0 0 0 0/0 19:28 1:43 1:35
Quinton Byfield 0 0 0 0 0 1 2 0 0 0 7/9 13:42 0:00 1:05
Rudolfs Balcers 0 2 2 -2 0 2 3 1 0 0 0/2 19:19 1:28 0:33
Scott Perunovich 0 0 0 -1 0 0 1 2 1 0 0/0 19:28 1:43 1:35
3 Stars
1 - Keegan Kolesar (SAR)
2 - Austin Watson (TSP)
3 - Dominic Toninato (SAR)
Power Play
Sarnia Sailors - 0 on 2 Attempt(s) - 0.00%
Toronto St Pats - 6 on 6 Attempt(s) - 100.00%
Penalty Kill
Sarnia Sailors - 0 on 6 Attempt(s) - 0.00%
- Score 1 goal in Penalty Kill
Toronto St Pats - 2 on 2 Attempt(s) - 100.00%
- Score 0 goal in Penalty Kill
Team Stat
Sarnia Sailors - Hits : 20 - Faceoff Wins : 37 - Blocked Shots : 8 - Penalty Minutes : 27
Toronto St Pats - Hits : 21 - Faceoff Wins : 32 - Blocked Shots : 6 - Penalty Minutes : 9
Official
Referees : Wes McCauley and Chris Rooney
Linesman : David Brisebois and Don Henderson
Game Notes
Michael Dal Colle beats up Ivan Lodnia at 1:05 of 1st period
Matt Tomkins enters game at 5:14 of 2nd period
Austin Watson has scored a Hat Trick!
14:39 of 2nd period - Toronto St Pats goal is going for a video replay. After video review, No Goal. The puck has entered the net after making contact with an attacking player’s stick that is above the height of the crossbar.
Sarnia Sailors
5 vs 5 Forward
Center Left Wing Right Wing Time % Phy DF OF
1 Keegan Kolesar Dominic Toninato Vasily Podkolzin 40 1 2 2
2 Dylan McLaughlin Nick Ritchie Michael Dal Colle 30 1 2 2
3 Dominic Turgeon Aleksi Heponiemi Connor Carrick 20 1 2 2
4 Josh Dickinson Chris Wideman Yannick Weber 10 1 2 2
5 vs 5 Defense
Defense Defense Time % Phy DF OF
1 Alex Vlasic Jack Rathbone 40 1 2 2
2 Rob Hamilton Seth Barton 30 1 2 2
3 Mitchell Vande Sompel David Warsofsky 20 1 2 2
4 Connor Carrick Alex Vlasic 10 1 2 2
PowerPlay Forward
Center Left Wing Right Wing Time % Phy DF OF
1 Keegan Kolesar Nick Ritchie Vasily Podkolzin 60 1 2 2
2 Dominic Toninato Josh Dickinson Dylan McLaughlin 40 1 2 2
PowerPlay Defense
Defense Defense Time % Phy DF OF
1 Alex Vlasic Yannick Weber 60 1 2 2
2 Jack Rathbone Chris Wideman 40 1 2 2
Penalty Kill 4 Players Forward
Center Wing Time % Phy DF OF
1 Dominic Toninato Keegan Kolesar 60 1 2 2
2 Dylan McLaughlin Michael Dal Colle 40 1 2 2
Penalty Kill 4 Players Defense
Defense Defense Time % Phy DF OF
1 Alex Vlasic Connor Carrick 60 1 2 2
2 Jack Rathbone Rob Hamilton 40 1 2 2
Penalty Kill - 3 Players Forward
Forward Time % Phy DF OF
1 Dominic Toninato 60 1 2 2
2 Dylan McLaughlin 40 1 2 2
Penalty Kill - 3 Players Defense
Defense Defense Time % Phy DF OF
1 Alex Vlasic Connor Carrick 60 1 2 2
2 Jack Rathbone Rob Hamilton 40 1 2 2
4 vs 4 Forward
Center Wing Time % Phy DF OF
1 Keegan Kolesar Vasily Podkolzin 60 1 2 2
2 Dominic Turgeon Michael Dal Colle 40 1 2 2
4 vs 4 Defense
Defense Defense Time % Phy DF OF
1 Alex Vlasic Jack Rathbone 60 1 2 2
2 Connor Carrick Yannick Weber 40 1 2 2
Last Minutes Offensive
Center Left Wing Right Wing Defense Defense
Keegan Kolesar Dominic Toninato Vasily Podkolzin Alex Vlasic Jack Rathbone
Last Minutes Defensive
Center Left Wing Right Wing Defense Defense
Dylan McLaughlin Keegan Kolesar Dominic Toninato Alex Vlasic Connor Carrick
Goaltenders
Starting : Laurent Brossoit
Backup : Matt Tomkins
Extra Forwards
Normal : Josh Dickinson, Nick Ritchie, Aleksi Heponiemi - PP : Josh Dickinson, Nick Ritchie - PK : Josh Dickinson
Extra Defensemen
Normal : Rob Hamilton, Seth Barton, Jack Rathbone - PP : David Warsofsky - PK : Rob Hamilton, Seth Barton
Penalty Shots
Aleksi Heponiemi, Keegan Kolesar, Dominic Toninato, Vasily Podkolzin, Michael Dal Colle
Toronto St Pats
5 vs 5 Forward
Center Left Wing Right Wing Time % Phy DF OF
1 Brad Malone Austin Watson Jesse Puljujarvi 40 1 2 2
2 Liam Foudy Rudolfs Balcers Ivan Lodnia 30 1 2 2
3 Quinton Byfield Connor Dewar Jake Leschyshyn 20 1 2 2
4 Jake Leschyshyn Antonio Stranges Jesse Puljujarvi 10 1 2 2
5 vs 5 Defense
Defense Defense Time % Phy DF OF
1 Dylan Samberg Lassi Thomson 40 1 2 2
2 Pierre-Olivier Joseph Scott Perunovich 30 1 2 2
3 Nikita Okhotyuk Nicolas Beaudin 20 1 2 2
4 Dylan Samberg Lassi Thomson 10 1 2 2
PowerPlay Forward
Center Left Wing Right Wing Time % Phy DF OF
1 Brad Malone Austin Watson Jesse Puljujarvi 60 1 2 2
2 Liam Foudy Rudolfs Balcers Ivan Lodnia 40 1 2 2
PowerPlay Defense
Defense Defense Time % Phy DF OF
1 Dylan Samberg Lassi Thomson 60 1 2 2
2 Pierre-Olivier Joseph Scott Perunovich 40 1 2 2
Penalty Kill 4 Players Forward
Center Wing Time % Phy DF OF
1 Jesse Puljujarvi Austin Watson 60 1 2 2
2 Rudolfs Balcers Brad Malone 40 1 2 2
Penalty Kill 4 Players Defense
Defense Defense Time % Phy DF OF
1 Dylan Samberg Lassi Thomson 60 1 2 2
2 Pierre-Olivier Joseph Scott Perunovich 40 1 2 2
Penalty Kill - 3 Players Forward
Forward Time % Phy DF OF
1 Jesse Puljujarvi 60 1 2 2
2 Austin Watson 40 1 2 2
Penalty Kill - 3 Players Defense
Defense Defense Time % Phy DF OF
1 Dylan Samberg Lassi Thomson 60 1 2 2
2 Pierre-Olivier Joseph Scott Perunovich 40 1 2 2
4 vs 4 Forward
Center Wing Time % Phy DF OF
1 Jesse Puljujarvi Austin Watson 60 1 2 2
2 Rudolfs Balcers Brad Malone 40 1 2 2
4 vs 4 Defense
Defense Defense Time % Phy DF OF
1 Dylan Samberg Lassi Thomson 60 1 2 2
2 Pierre-Olivier Joseph Scott Perunovich 40 1 2 2
Last Minutes Offensive
Center Left Wing Right Wing Defense Defense
Brad Malone Austin Watson Jesse Puljujarvi Dylan Samberg Lassi Thomson
Last Minutes Defensive
Center Left Wing Right Wing Defense Defense
Brad Malone Austin Watson Jesse Puljujarvi Dylan Samberg Lassi Thomson
Goaltenders
Starting : Jonathan Bernier
Backup : Jakub Skarek
Extra Forwards
Normal : Glenn Gawdin, Luke Henman, Quinton Byfield - PP : Glenn Gawdin, Luke Henman - PK : Quinton Byfield
Extra Defensemen
Normal : Nikita Okhotyuk, Nicolas Beaudin, Pierre-Olivier Joseph - PP : Nikita Okhotyuk - PK : Nicolas Beaudin, Pierre-Olivier Joseph
Penalty Shots
Jesse Puljujarvi, Austin Watson, Rudolfs Balcers, Brad Malone, Liam Foudy
% Time on Ice - Sarnia Sailors
Lines # - Real PCT - Wanted PCT - Time Play
Normal Forward
1 - 33% - 40% - 17:24
2 - 28% - 30% - 14:24
3 - 22% - 20% - 11:30
4 - 17% - 10% - 8:40
Normal Defense
1 - 39% - 40% - 20:29
2 - 31% - 30% - 15:51
3 - 23% - 20% - 12:05
4 - 7% - 10% - 3:33
PP Forward
1 - 52% - 60% - 2:03
2 - 48% - 40% - 1:55
PP Defense
1 - 60% - 60% - 2:23
2 - 40% - 40% - 1:35
PK Forward
1 - 79% - 60% - 3:13
2 - 21% - 40% - 0:51
PK Defense
1 - 77% - 60% - 3:09
2 - 23% - 40% - 0:55
PK3 Forward
1 - 0% - 60%
2 - 0% - 40%
PK3 Defense
1 - 0% - 60%
2 - 0% - 40%
44 Forward
1 - 0% - 60%
2 - 0% - 40%
44 Defense
1 - 0% - 60%
2 - 0% - 40%
Last Minute Offensive - 0:00
Last Minute Defensive - 0:00
Total
Forward - 60:00
Defense - 60:00
|
% Time on Ice - Toronto St Pats
Lines # - Real PCT - Wanted PCT - Time Play
Normal Forward
1 - 33% - 40% - 17:14
2 - 33% - 30% - 16:56
3 - 24% - 20% - 12:19
4 - 11% - 10% - 5:29
Normal Defense
1 - 39% - 40% - 20:20
2 - 31% - 30% - 16:10
3 - 21% - 20% - 11:10
4 - 8% - 10% - 4:18
PP Forward
1 - 64% - 60% - 2:36
2 - 36% - 40% - 1:28
PP Defense
1 - 58% - 60% - 2:21
2 - 42% - 40% - 1:43
PK Forward
1 - 87% - 60% - 3:28
2 - 13% - 40% - 0:30
PK Defense
1 - 60% - 60% - 2:23
2 - 40% - 40% - 1:35
PK3 Forward
1 - 0% - 60%
2 - 0% - 40%
PK3 Defense
1 - 0% - 60%
2 - 0% - 40%
44 Forward
1 - 0% - 60%
2 - 0% - 40%
44 Defense
1 - 0% - 60%
2 - 0% - 40%
Last Minute Offensive - 0:00
Last Minute Defensive - 0:00
Total
Forward - 60:00
Defense - 60:00
|
Play-by-Play
1st period
0:01 of 1st period - Brad Malone wins face-off versus Keegan Kolesar in neutral zone.
0:12 of 1st period - Snap shot by Austin Watson.
0:12 of 1st period - Shot Blocked by Dominic Toninato.
0:14 of 1st period - Slapshot by Dylan Samberg.
0:14 of 1st period - Stopped by Laurent Brossoit with a rebound.
0:16 of 1st period - Wrist shot by Austin Watson.
0:16 of 1st period - Deflect By Jesse Puljujarvi.
0:16 of 1st period - Shot Misses the Net.
0:16 of 1st period - Puck is out of play.
0:17 of 1st period - Dylan McLaughlin wins face-off versus Rudolfs Balcers in Sarnia Sailors zone.
0:21 of 1st period - Off-side.
0:22 of 1st period - Liam Foudy wins face-off versus Dylan McLaughlin in neutral zone.
0:37 of 1st period - Snap shot by Rudolfs Balcers.
0:37 of 1st period - Shot Misses the Net.
0:48 of 1st period - Wrist shot by Dylan McLaughlin.
0:48 of 1st period - Stopped by Jonathan Bernier with a rebound.
0:50 of 1st period - Snap shot by Rob Hamilton.
0:50 of 1st period - Stopped by Jonathan Bernier with a rebound.
1:05 of 1st period - Michael Dal Colle beats up Ivan Lodnia.
1:05 of 1st period - Penalty to Ivan Lodnia for Fighting.
1:05 of 1st period - Penalty to Michael Dal Colle for Fighting.
1:05 of 1st period - Penalty to Michael Dal Colle for instigated a fight.
1:05 of 1st period - Penalty to Michael Dal Colle for instigated a fight.
1:06 of 1st period - Dominic Toninato wins face-off versus Brad Malone in Sarnia Sailors zone.
1:21 of 1st period - Slapshot by Austin Watson.
1:21 of 1st period - Goal by Austin Watson - Sarnia Sailors : 0 - Toronto St Pats : 1.
1:22 of 1st period - Quinton Byfield wins face-off versus Dominic Turgeon in neutral zone.
1:25 of 1st period - Wrist shot by Connor Dewar.
1:25 of 1st period - Deflect By Quinton Byfield.
1:25 of 1st period - Stopped by Laurent Brossoit without a rebound.
1:26 of 1st period - Quinton Byfield wins face-off versus Connor Carrick in Sarnia Sailors zone.
1:27 of 1st period - Snap shot by Connor Dewar.
1:27 of 1st period - Stopped by Laurent Brossoit with a rebound.
1:37 of 1st period - Snap shot by Connor Carrick.
1:37 of 1st period - Shot Misses the Net.
2:00 of 1st period - Off-side.
2:01 of 1st period - Josh Dickinson wins face-off versus Jake Leschyshyn in neutral zone.
2:27 of 1st period - Dominic Toninato is hit by Austin Watson.
3:05 of 1st period - Wrist shot by Nick Ritchie.
3:05 of 1st period - Shot Misses the Net.
4:42 of 1st period - Josh Dickinson is hit by Glenn Gawdin and loses puck.
5:04 of 1st period - Off-side.
5:05 of 1st period - Quinton Byfield wins face-off versus Josh Dickinson in neutral zone.
5:28 of 1st period - Dylan Samberg is hit by Nick Ritchie and loses puck.
5:45 of 1st period - Wrist shot by Josh Dickinson.
5:45 of 1st period - Stopped by Jonathan Bernier with a rebound.
5:47 of 1st period - Slapshot by David Warsofsky.
5:47 of 1st period - Stopped by Jonathan Bernier without a rebound.
5:48 of 1st period - Liam Foudy wins face-off versus Josh Dickinson in Toronto St Pats zone.
5:53 of 1st period - Yannick Weber is hit by Rudolfs Balcers and loses puck.
6:10 of 1st period - Wrist shot by Vasily Podkolzin.
6:10 of 1st period - Shot Blocked by Scott Perunovich.
7:20 of 1st period - Minor Penalty to Dominic Turgeon for High sticking.
7:21 of 1st period - Dominic Toninato wins face-off versus Brad Malone in Sarnia Sailors zone.
7:29 of 1st period - Keegan Kolesar is hit by Brad Malone and loses puck.
7:51 of 1st period - Ivan Lodnia is hit by Dominic Toninato and loses puck.
8:00 of 1st period - Wrist shot by Keegan Kolesar.
8:00 of 1st period - Goal by Keegan Kolesar - Sarnia Sailors : 1 - Toronto St Pats : 1.
8:01 of 1st period - Dominic Toninato wins face-off versus Brad Malone in neutral zone.
8:14 of 1st period - Snap shot by Jesse Puljujarvi.
8:14 of 1st period - Shot Misses the Net.
8:36 of 1st period - Wrist shot by Liam Foudy.
8:36 of 1st period - Goal by Liam Foudy - Sarnia Sailors : 1 - Toronto St Pats : 2.
8:37 of 1st period - Keegan Kolesar wins face-off versus Jesse Puljujarvi in neutral zone.
8:44 of 1st period - Keegan Kolesar is hit by Brad Malone and loses puck.
8:51 of 1st period - Snap shot by Jesse Puljujarvi.
8:51 of 1st period - Stopped by Laurent Brossoit with a rebound.
8:53 of 1st period - Snap shot by Austin Watson.
8:53 of 1st period - Stopped by Laurent Brossoit without a rebound.
8:54 of 1st period - Josh Dickinson wins face-off versus Quinton Byfield in Sarnia Sailors zone.
9:19 of 1st period - Jack Rathbone is hit by Austin Watson and loses puck.
9:42 of 1st period - Slapshot by Chris Wideman.
9:42 of 1st period - Shot Blocked by Rudolfs Balcers.
11:07 of 1st period - Off-side.
11:08 of 1st period - Quinton Byfield wins face-off versus Dylan McLaughlin in neutral zone.
11:52 of 1st period - Snap shot by Aleksi Heponiemi.
11:52 of 1st period - Shot Misses the Net.
11:54 of 1st period - Slapshot by David Warsofsky.
11:54 of 1st period - Stopped by Jonathan Bernier with a rebound.
12:24 of 1st period - Liam Foudy is hit by Keegan Kolesar and loses puck.
14:39 of 1st period - Jesse Puljujarvi is hit by Chris Wideman and loses puck.
14:44 of 1st period - Snap shot by Chris Wideman.
14:44 of 1st period - Shot Blocked by Scott Perunovich.
15:04 of 1st period - Nicolas Beaudin is hit by Alex Vlasic and loses puck.
15:54 of 1st period - Dylan Samberg is hit by Dylan McLaughlin and loses puck.
16:05 of 1st period - 10 Minutes Misconduct Penalty to Michael Dal Colle is over.
18:20 of 1st period - Chris Wideman is hit by Rudolfs Balcers.
18:43 of 1st period - Lassi Thomson is hit by Nick Ritchie and loses puck.
19:35 of 1st period - Icing by Keegan Kolesar.
19:36 of 1st period - Brad Malone wins face-off versus Keegan Kolesar in Sarnia Sailors zone.
19:44 of 1st period - Minor Penalty to Dominic Toninato for Interference.
19:45 of 1st period - Brad Malone wins face-off versus Josh Dickinson in Sarnia Sailors zone.
19:45 of 1st period - Slapshot by Jesse Puljujarvi.
19:45 of 1st period - Shot Blocked by Connor Carrick.
19:56 of 1st period - Off-side.
19:57 of 1st period - Josh Dickinson wins face-off versus Brad Malone in neutral zone.
Goals for this period are 1 for Sarnia Sailors vs 2 for Toronto St Pats.
Shots for this period are 6 for Sarnia Sailors vs 7 for Toronto St Pats.
2nd period
0:01 of 2nd period - Brad Malone wins face-off versus Josh Dickinson in neutral zone.
0:04 of 2nd period - Snap shot by Austin Watson.
0:04 of 2nd period - Goal by Austin Watson - Sarnia Sailors : 1 - Toronto St Pats : 3.
0:05 of 2nd period - Keegan Kolesar wins face-off versus Brad Malone in neutral zone.
1:00 of 2nd period - Wrist shot by Jesse Puljujarvi.
1:00 of 2nd period - Stopped by Laurent Brossoit with a rebound.
1:02 of 2nd period - Slapshot by Lassi Thomson.
1:02 of 2nd period - Deflect By Rob Hamilton.
1:02 of 2nd period - Stopped by Laurent Brossoit without a rebound.
1:03 of 2nd period - Liam Foudy wins face-off versus Keegan Kolesar in Sarnia Sailors zone.
1:14 of 2nd period - Alex Vlasic is hit by Rudolfs Balcers and loses puck.
1:36 of 2nd period - Icing by Nick Ritchie.
1:37 of 2nd period - Dylan McLaughlin wins face-off versus Liam Foudy in Sarnia Sailors zone.
1:44 of 2nd period - Snap shot by Nick Ritchie.
1:44 of 2nd period - Stopped by Jonathan Bernier with a rebound.
2:32 of 2nd period - Wrist shot by Austin Watson.
2:32 of 2nd period - Shot Misses the Net.
3:06 of 2nd period - Off-side.
3:07 of 2nd period - Quinton Byfield wins face-off versus Keegan Kolesar in neutral zone.
3:21 of 2nd period - Off-side.
3:22 of 2nd period - Dylan McLaughlin wins face-off versus Liam Foudy in neutral zone.
3:49 of 2nd period - Dominic Toninato is hit by Brad Malone and loses puck.
4:12 of 2nd period - Wrist shot by Connor Dewar.
4:12 of 2nd period - Stopped by Laurent Brossoit without a rebound.
4:13 of 2nd period - Quinton Byfield wins face-off versus Dylan McLaughlin in Sarnia Sailors zone.
4:23 of 2nd period - Icing by Alex Vlasic.
4:24 of 2nd period - Dylan McLaughlin wins face-off versus Brad Malone in Sarnia Sailors zone.
4:33 of 2nd period - Snap shot by Michael Dal Colle.
4:33 of 2nd period - Stopped by Jonathan Bernier with a rebound.
4:35 of 2nd period - Slapshot by Alex Vlasic.
4:35 of 2nd period - Stopped by Jonathan Bernier with a rebound.
4:37 of 2nd period - Slapshot by Dylan McLaughlin.
4:37 of 2nd period - Stopped by Jonathan Bernier with a rebound.
4:39 of 2nd period - Wrist shot by Dylan McLaughlin.
4:39 of 2nd period - Shot Blocked by Dylan Samberg.
4:41 of 2nd period - Slapshot by Alex Vlasic.
4:41 of 2nd period - Stopped by Jonathan Bernier without a rebound.
4:42 of 2nd period - Liam Foudy wins face-off versus Keegan Kolesar in Toronto St Pats zone.
4:49 of 2nd period - Wrist shot by Vasily Podkolzin.
4:49 of 2nd period - Shot Misses the Net.
4:58 of 2nd period - Minor Penalty to Keegan Kolesar for Holding Stick.
4:59 of 2nd period - Dominic Toninato wins face-off versus Austin Watson in Sarnia Sailors zone.
5:08 of 2nd period - Off-side.
5:09 of 2nd period - Brad Malone wins face-off versus Dominic Toninato in neutral zone.
5:14 of 2nd period - Wrist shot by Jesse Puljujarvi.
5:14 of 2nd period - Goal by Jesse Puljujarvi - Sarnia Sailors : 1 - Toronto St Pats : 4.
5:14 of 2nd period - Matt Tomkins enters game.
5:15 of 2nd period - Keegan Kolesar wins face-off versus Brad Malone in neutral zone.
5:42 of 2nd period - Liam Foudy is hit by Nick Ritchie and loses puck.
5:49 of 2nd period - Slapshot by Nick Ritchie.
5:49 of 2nd period - Shot Hit the Post.
6:04 of 2nd period - Minor Penalty to Connor Carrick for Hooking.
6:05 of 2nd period - Brad Malone wins face-off versus Dominic Toninato in Sarnia Sailors zone.
6:13 of 2nd period - Wrist shot by Jesse Puljujarvi.
6:13 of 2nd period - Stopped by Matt Tomkins without a rebound.
6:14 of 2nd period - Brad Malone wins face-off versus Dominic Toninato in Sarnia Sailors zone.
6:49 of 2nd period - Slapshot by Austin Watson.
6:49 of 2nd period - Goal by Austin Watson - Sarnia Sailors : 1 - Toronto St Pats : 5.
6:50 of 2nd period - Liam Foudy wins face-off versus Keegan Kolesar in neutral zone.
6:59 of 2nd period - Snap shot by Alex Vlasic.
6:59 of 2nd period - Shot Misses the Net.
7:01 of 2nd period - Snap shot by Keegan Kolesar.
7:01 of 2nd period - Shot Misses the Net.
7:03 of 2nd period - Snap shot by Keegan Kolesar.
7:03 of 2nd period - Stopped by Jonathan Bernier without a rebound.
7:04 of 2nd period - Keegan Kolesar wins face-off versus Brad Malone in Toronto St Pats zone.
7:05 of 2nd period - Wrist shot by Vasily Podkolzin.
7:05 of 2nd period - Stopped by Jonathan Bernier with a rebound.
7:28 of 2nd period - Alex Vlasic is hit by Lassi Thomson and loses puck.
8:46 of 2nd period - Snap shot by Austin Watson.
8:46 of 2nd period - Stopped by Matt Tomkins with a rebound.
8:48 of 2nd period - Backhand shot by Pierre-Olivier Joseph.
8:48 of 2nd period - Stopped by Matt Tomkins with a rebound.
8:58 of 2nd period - Slapshot by Liam Foudy.
8:58 of 2nd period - Stopped by Matt Tomkins with a rebound.
9:30 of 2nd period - Yannick Weber is hit by Connor Dewar.
9:57 of 2nd period - Icing by Dylan Samberg.
9:58 of 2nd period - Keegan Kolesar wins face-off versus Liam Foudy in Toronto St Pats zone.
9:59 of 2nd period - Wrist shot by Vasily Podkolzin.
9:59 of 2nd period - Goal by Vasily Podkolzin - Sarnia Sailors : 2 - Toronto St Pats : 5.
10:00 of 2nd period - Brad Malone wins face-off versus Keegan Kolesar in neutral zone.
10:27 of 2nd period - Dylan McLaughlin is hit by Liam Foudy and loses puck.
10:32 of 2nd period - Wrist shot by Liam Foudy.
10:32 of 2nd period - Deflect By Rudolfs Balcers.
10:32 of 2nd period - Shot Blocked by Dylan McLaughlin.
10:32 of 2nd period - Puck is out of play.
10:33 of 2nd period - Dylan McLaughlin wins face-off versus Liam Foudy in Sarnia Sailors zone.
10:46 of 2nd period - Snap shot by Michael Dal Colle.
10:46 of 2nd period - Shot Misses the Net.
10:48 of 2nd period - Snap shot by Nick Ritchie.
10:48 of 2nd period - Stopped by Jonathan Bernier without a rebound.
10:49 of 2nd period - Keegan Kolesar wins face-off versus Brad Malone in Toronto St Pats zone.
11:25 of 2nd period - Wrist shot by Aleksi Heponiemi.
11:25 of 2nd period - Shot Misses the Net.
11:33 of 2nd period - Backhand shot by Connor Carrick.
11:33 of 2nd period - Stopped by Jonathan Bernier without a rebound.
11:34 of 2nd period - Liam Foudy wins face-off versus Dylan McLaughlin in Toronto St Pats zone.
11:34 of 2nd period - Rudolfs Balcers is hit by Dylan McLaughlin and loses puck.
11:41 of 2nd period - Snap shot by Michael Dal Colle.
11:41 of 2nd period - Stopped by Jonathan Bernier without a rebound.
11:42 of 2nd period - Liam Foudy wins face-off versus Dylan McLaughlin in Toronto St Pats zone.
11:52 of 2nd period - Minor Penalty to Rob Hamilton for Holding.
11:53 of 2nd period - Brad Malone wins face-off versus Dominic Toninato in Sarnia Sailors zone.
12:23 of 2nd period - Snap shot by Lassi Thomson.
12:23 of 2nd period - Stopped by Matt Tomkins without a rebound.
12:24 of 2nd period - Dylan McLaughlin wins face-off versus Liam Foudy in Sarnia Sailors zone.
12:37 of 2nd period - Snap shot by Dylan McLaughlin.
12:37 of 2nd period - Shot Misses the Net.
12:59 of 2nd period - Slapshot by Rudolfs Balcers.
12:59 of 2nd period - Shot Misses the Net.
13:01 of 2nd period - Slapshot by Liam Foudy.
13:01 of 2nd period - Shot Hit the Post.
13:03 of 2nd period - Wrist shot by Liam Foudy.
13:03 of 2nd period - Goal by Liam Foudy - Sarnia Sailors : 2 - Toronto St Pats : 6.
13:04 of 2nd period - Keegan Kolesar wins face-off versus Brad Malone in neutral zone.
13:11 of 2nd period - Snap shot by Keegan Kolesar.
13:11 of 2nd period - Goal by Keegan Kolesar - Sarnia Sailors : 3 - Toronto St Pats : 6.
13:12 of 2nd period - Brad Malone wins face-off versus Keegan Kolesar in neutral zone.
13:22 of 2nd period - Slapshot by Vasily Podkolzin.
13:22 of 2nd period - Deflect By Dominic Toninato.
13:22 of 2nd period - Shot Misses the Net.
13:22 of 2nd period - Puck is out of play.
13:23 of 2nd period - Brad Malone wins face-off versus Keegan Kolesar in Toronto St Pats zone.
13:32 of 2nd period - Snap shot by Jesse Puljujarvi.
13:32 of 2nd period - Stopped by Matt Tomkins with a rebound.
13:34 of 2nd period - Slapshot by Dylan Samberg.
13:34 of 2nd period - Stopped by Matt Tomkins without a rebound.
13:35 of 2nd period - Keegan Kolesar wins face-off versus Brad Malone in Sarnia Sailors zone.
13:44 of 2nd period - Jesse Puljujarvi is hit by Alex Vlasic and loses puck.
14:05 of 2nd period - Wrist shot by Connor Carrick.
14:05 of 2nd period - Deflect By Aleksi Heponiemi.
14:05 of 2nd period - Stopped by Jonathan Bernier with a rebound.
14:22 of 2nd period - Off-side.
14:23 of 2nd period - Dylan McLaughlin wins face-off versus Liam Foudy in neutral zone.
14:37 of 2nd period - Wrist shot by Liam Foudy.
14:37 of 2nd period - Stopped by Matt Tomkins with a rebound.
14:39 of 2nd period - Wrist shot by Rudolfs Balcers.
14:39 of 2nd period - Toronto St Pats goal is going for a video replay.
14:39 of 2nd period - The goal is refused. The puck has entered the net after making contact with an attacking player’s stick that is above the height of the crossbar..
14:40 of 2nd period - Keegan Kolesar wins face-off versus Quinton Byfield in Sarnia Sailors zone.
14:45 of 2nd period - Slapshot by Alex Vlasic.
14:45 of 2nd period - Shot Hit the Post.
14:53 of 2nd period - Snap shot by Quinton Byfield.
14:53 of 2nd period - Shot Misses the Net.
15:05 of 2nd period - Liam Foudy is hit by Dylan McLaughlin and loses puck.
15:25 of 2nd period - Off-side.
15:26 of 2nd period - Brad Malone wins face-off versus Josh Dickinson in neutral zone.
15:31 of 2nd period - Snap shot by Lassi Thomson.
15:31 of 2nd period - Shot Misses the Net.
15:39 of 2nd period - Snap shot by Brad Malone.
15:39 of 2nd period - Shot Misses the Net.
15:46 of 2nd period - Icing by Chris Wideman.
15:47 of 2nd period - Liam Foudy wins face-off versus Josh Dickinson in Sarnia Sailors zone.
15:50 of 2nd period - Snap shot by Rudolfs Balcers.
15:50 of 2nd period - Shot Misses the Net.
16:17 of 2nd period - Nikita Okhotyuk is hit by Josh Dickinson and loses puck.
16:47 of 2nd period - Connor Carrick is hit by Nicolas Beaudin and loses puck.
16:56 of 2nd period - Icing by Nikita Okhotyuk.
16:57 of 2nd period - Keegan Kolesar wins face-off versus Jake Leschyshyn in Toronto St Pats zone.
17:10 of 2nd period - Snap shot by Jake Leschyshyn.
17:10 of 2nd period - Shot Blocked by Dominic Toninato.
17:31 of 2nd period - Slapshot by Lassi Thomson.
17:31 of 2nd period - Stopped by Matt Tomkins with a rebound.
17:43 of 2nd period - Wrist shot by Keegan Kolesar.
17:43 of 2nd period - Stopped by Jonathan Bernier without a rebound.
17:44 of 2nd period - Brad Malone wins face-off versus Keegan Kolesar in Toronto St Pats zone.
18:01 of 2nd period - Off-side.
18:02 of 2nd period - Liam Foudy wins face-off versus Dylan McLaughlin in neutral zone.
18:05 of 2nd period - Snap shot by Rudolfs Balcers.
18:05 of 2nd period - Shot Misses the Net.
18:17 of 2nd period - Snap shot by Nick Ritchie.
18:17 of 2nd period - Shot Misses the Net.
18:31 of 2nd period - Snap shot by Vasily Podkolzin.
18:31 of 2nd period - Shot Misses the Net.
18:33 of 2nd period - Slapshot by Seth Barton.
18:33 of 2nd period - Shot Blocked by Dylan Samberg.
18:51 of 2nd period - Aleksi Heponiemi is hit by Quinton Byfield and loses puck.
19:25 of 2nd period - Connor Dewar is hit by Chris Wideman and loses puck.
19:48 of 2nd period - Wrist shot by Quinton Byfield.
19:48 of 2nd period - Shot Blocked by Alex Vlasic.
19:52 of 2nd period - Wrist shot by Connor Dewar.
19:52 of 2nd period - Shot Blocked by Alex Vlasic.
19:54 of 2nd period - Wrist shot by Connor Dewar.
19:54 of 2nd period - Stopped by Matt Tomkins with a rebound.
Goals for this period are 2 for Sarnia Sailors vs 4 for Toronto St Pats.
Shots for this period are 14 for Sarnia Sailors vs 18 for Toronto St Pats.
3rd period
0:01 of 3rd period - Keegan Kolesar wins face-off versus Brad Malone in neutral zone.
0:04 of 3rd period - Slapshot by Alex Vlasic.
0:04 of 3rd period - Stopped by Jonathan Bernier with a rebound.
0:12 of 3rd period - Slapshot by Jack Rathbone.
0:12 of 3rd period - Stopped by Jonathan Bernier without a rebound.
0:13 of 3rd period - Keegan Kolesar wins face-off versus Austin Watson in Toronto St Pats zone.
0:59 of 3rd period - Minor Penalty to Dylan Samberg for Roughing.
1:00 of 3rd period - Keegan Kolesar wins face-off versus Jesse Puljujarvi in Toronto St Pats zone.
1:47 of 3rd period - Off-side.
1:48 of 3rd period - Quinton Byfield wins face-off versus Keegan Kolesar in neutral zone.
2:14 of 3rd period - Dominic Toninato is hit by Austin Watson and loses puck.
2:59 of 3rd period - Penalty to Dylan Samberg is over, Dylan Samberg is back on ice.
3:01 of 3rd period - Dominic Toninato is hit by Brad Malone and loses puck.
4:32 of 3rd period - Ivan Lodnia is hit by Connor Carrick and loses puck.
5:45 of 3rd period - Ivan Lodnia is hit by Alex Vlasic and loses puck.
7:49 of 3rd period - Off-side.
7:50 of 3rd period - Keegan Kolesar wins face-off versus Glenn Gawdin in neutral zone.
7:55 of 3rd period - Snap shot by Dominic Toninato.
7:55 of 3rd period - Goal by Dominic Toninato - Sarnia Sailors : 4 - Toronto St Pats : 6.
7:56 of 3rd period - Austin Watson wins face-off versus Keegan Kolesar in neutral zone.
8:23 of 3rd period - Dylan McLaughlin is hit by Pierre-Olivier Joseph.
8:31 of 3rd period - Snap shot by Liam Foudy.
8:31 of 3rd period - Shot Misses the Net.
8:41 of 3rd period - Michael Dal Colle is hit by Quinton Byfield.
9:01 of 3rd period - Minor Penalty to Nikita Okhotyuk for Interference.
9:02 of 3rd period - Keegan Kolesar wins face-off versus Jesse Puljujarvi in Toronto St Pats zone.
9:16 of 3rd period - Wrist shot by Nick Ritchie.
9:16 of 3rd period - Stopped by Jonathan Bernier with a rebound.
9:18 of 3rd period - Slapshot by Alex Vlasic.
9:18 of 3rd period - Shot Blocked by Dylan Samberg.
10:07 of 3rd period - Wrist shot by Keegan Kolesar.
10:07 of 3rd period - Shot Misses the Net.
10:48 of 3rd period - Dylan Samberg is hit by Dylan McLaughlin.
11:01 of 3rd period - Penalty to Nikita Okhotyuk is over, Nikita Okhotyuk is back on ice.
11:23 of 3rd period - Icing by Nikita Okhotyuk.
11:24 of 3rd period - Dominic Turgeon wins face-off versus Liam Foudy in Toronto St Pats zone.
11:33 of 3rd period - Slapshot by Scott Perunovich.
11:33 of 3rd period - Shot Blocked by Dylan McLaughlin.
12:03 of 3rd period - Icing by Dylan McLaughlin.
12:04 of 3rd period - Dylan McLaughlin wins face-off versus Jake Leschyshyn in Sarnia Sailors zone.
12:29 of 3rd period - Mitchell Vande Sompel is hit by Antonio Stranges and loses puck.
12:38 of 3rd period - Jesse Puljujarvi is hit by Aleksi Heponiemi and loses puck.
13:39 of 3rd period - Nikita Okhotyuk is hit by Nick Ritchie and loses puck.
14:21 of 3rd period - Slapshot by Alex Vlasic.
14:21 of 3rd period - Deflect By Chris Wideman.
14:21 of 3rd period - Stopped by Jonathan Bernier without a rebound.
14:22 of 3rd period - Josh Dickinson wins face-off versus Liam Foudy in Toronto St Pats zone.
14:41 of 3rd period - Wrist shot by Josh Dickinson.
14:41 of 3rd period - Shot Misses the Net.
14:43 of 3rd period - Backhand shot by Vasily Podkolzin.
14:43 of 3rd period - Shot Misses the Net.
14:45 of 3rd period - Wrist shot by Vasily Podkolzin.
14:45 of 3rd period - Stopped by Jonathan Bernier without a rebound.
14:46 of 3rd period - Keegan Kolesar wins face-off versus Brad Malone in Toronto St Pats zone.
15:14 of 3rd period - Wrist shot by Aleksi Heponiemi.
15:14 of 3rd period - Shot Misses the Net.
15:29 of 3rd period - Icing by Connor Carrick.
15:30 of 3rd period - Dylan McLaughlin wins face-off versus Rudolfs Balcers in Sarnia Sailors zone.
15:39 of 3rd period - Wrist shot by Rudolfs Balcers.
15:39 of 3rd period - Stopped by Matt Tomkins with a rebound.
15:41 of 3rd period - Slapshot by Pierre-Olivier Joseph.
15:41 of 3rd period - Shot Blocked by Mitchell Vande Sompel.
15:43 of 3rd period - Slapshot by Ivan Lodnia.
15:43 of 3rd period - Stopped by Matt Tomkins without a rebound.
15:44 of 3rd period - Dominic Turgeon wins face-off versus Brad Malone in Sarnia Sailors zone.
15:51 of 3rd period - Wrist shot by Aleksi Heponiemi.
15:51 of 3rd period - Deflect By Dominic Turgeon.
15:51 of 3rd period - Shot Hit the Post.
15:51 of 3rd period - Puck is out of play.
15:52 of 3rd period - Dominic Turgeon wins face-off versus Brad Malone in Toronto St Pats zone.
16:46 of 3rd period - Snap shot by Vasily Podkolzin.
16:46 of 3rd period - Stopped by Jonathan Bernier with a rebound.
16:48 of 3rd period - Wrist shot by Dominic Toninato.
16:48 of 3rd period - Stopped by Jonathan Bernier without a rebound.
16:49 of 3rd period - Dylan McLaughlin wins face-off versus Jake Leschyshyn in Toronto St Pats zone.
16:52 of 3rd period - Snap shot by Nick Ritchie.
16:52 of 3rd period - Stopped by Jonathan Bernier without a rebound.
16:53 of 3rd period - Jake Leschyshyn wins face-off versus Dylan McLaughlin in Toronto St Pats zone.
16:53 of 3rd period - Jake Leschyshyn is hit by Dylan McLaughlin.
17:48 of 3rd period - Jack Rathbone is hit by Scott Perunovich and loses puck.
18:56 of 3rd period - Lassi Thomson is hit by Aleksi Heponiemi and loses puck.
19:13 of 3rd period - Keegan Kolesar is hit by Dylan Samberg and loses puck.
19:21 of 3rd period - Off-side.
19:22 of 3rd period - Liam Foudy wins face-off versus Keegan Kolesar in neutral zone.
19:49 of 3rd period - Wrist shot by Nick Ritchie.
19:49 of 3rd period - Shot Misses the Net.
19:51 of 3rd period - Wrist shot by Aleksi Heponiemi.
19:51 of 3rd period - Shot Misses the Net.
Goals for this period are 1 for Sarnia Sailors vs 0 for Toronto St Pats.
Shots for this period are 9 for Sarnia Sailors vs 2 for Toronto St Pats.
Back to the Top